 Dungeon Crawl Stone Soup version 0.21.1-1-g345015f (webtiles) character file.

938 microfolk the Ruffian (level 7, 0/85 HPs)
             Began as a Grey Draconian Transmuter on Apr 28, 2018.
             Was a Believer of Makhleb.
             Slain by Edmund
             ... wielding a +0 dire flail of crushing
              (2 damage)
             ... on level 6 of the Dungeon.
             The game lasted 00:18:12 (7453 turns).

microfolk the Ruffian (Grey Draconian Transmuter)   Turns: 7453, Time: 00:18:13

Health: 0/85       AC:  2    Str: 21    XL:     7   Next: 87%
Magic:  7/13       EV: 19    Int: 18    God:    Makhleb [**....]
Gold:   136        SH:  0    Dex: 16    Spells: 8/14 levels left

rFire    . . .     SeeInvis .     - Unarmed
rCold    . . .     Gourm    .   (shield currently unavailable)
rNeg     . . .     Faith    .   (armour unavailable)
rPois    x         Spirit   .   (helmet currently unavailable)
rElec    .         Reflect  .   (cloak currently unavailable)
rCorr    .         Harm     .   (gloves currently unavailable)
MR       .....                  (boots currently unavailable)
Stlth    ..........             (no amulet)
HPRegen  0.24/turn              d - +3 ring of intelligence
MPRegen  0.13/turn              j - +3 ring of strength

@: berserking, spider-form (expiring), very quick
A: tiny, (walk through water), unfitting armour, AC +11
a: End Transformation, Minor Destruction, Renounce Religion


You were on level 6 of the Dungeon.
You worshipped Makhleb.
Makhleb was pleased with you.
You were not hungry.
You were a venomous arachnid creature.
You visited 1 branch of the dungeon, and saw 6 of its levels.

You collected 409 gold pieces.
You spent 273 gold pieces at shops.

Inventory:

Missiles
 a - 27 arrows
 i - 104 stones (quivered)
 m - 16 sling bullets
 r - 4 javelins
Armour
 v - a +2 hat of intelligence (melded)
 x - a +0 pair of gloves (melded)
Jewellery
 d - a +3 ring of intelligence (left front leg)
 j - a +3 ring of strength (right front leg)
 u - an uncursed amulet of guardian spirit
 z - an uncursed ring of protection from cold
Wands
 g - a wand of iceblast (9)
Scrolls
 e - 2 scrolls of enchant weapon
 f - 3 scrolls of magic mapping
 l - 3 scrolls of teleportation
 o - 7 scrolls of remove curse
 s - 2 scrolls of amnesia
 t - a scroll of random uselessness {unknown}
 y - a scroll of fog {unknown}
 B - a scroll of summoning {unknown}
 D - a scroll of identify
Potions
 h - 3 potions of agility
 k - 4 potions of lignification
 p - 2 potions of curing
 q - 2 potions of haste
 w - a potion of flight
 C - a potion of mutation {unknown}
Books
 b - a book of Changes

   Spells                             Type                      Level
   a - Beastly Appendage              Transmutation                1
   b - Sticks to Snakes               Transmutation                2
   c - Spider Form                    Transmutation/Poison         3
   d - Ice Form                       Ice/Transmutation            4
   e - Blade Hands                    Transmutation                5
Comestibles
 c - 10 rations


   Skills:
 + Level 3.4 Fighting
 - Level 1.7 Dodging
 + Level 5.7 Unarmed Combat
 - Level 4.0 Spellcasting
 + Level 5.1 Transmutations
 + Level 3.1 Invocations


You had 8 spell levels left.
You knew the following spells:

 Your Spells              Type           Power        Failure   Level  Hunger
a - Beastly Appendage     Tmut           ###...       8%          1    None
b - Sticks to Snakes      Tmut           ###.....     10%         2    ##.....
c - Spider Form           Tmut/Pois      ##........   34%         3    ###....


Dungeon Overview and Level Annotations

Branches:
Dungeon (6/15)
 Temple: D:4-7

Altars:
Ashenzari
Gozag
Makhleb
Okawaru
Ru
Trog
Uskayaw

Shops:
D:5 [

Annotations:
D:2 exclusion: downstairs
D:3 azzavlup's ghost, amateur DsAK
D:6 Edmund


Innate Abilities, Weirdness & Mutations

((You can walk through water.))
((Your dull iron-grey scales are very hard. (AC +11)))
You cannot fit into any form of body armour.
((You can survive without breathing.))
((You are cold-blooded and may be slowed by cold attacks.))


Message History

Edmund barely misses you.
Edmund hits you with a dire flail of crushing!
You see here 2 needles of sleeping.
Your transformation is almost over.
Edmund closely misses you.
Things that are here:
a club x2
Edmund rages.
Edmund closely misses you.
Things that are here:
a short sword; a leather armour Edmund hits you with a dire flail of crushing!
* * * LOW HITPOINT WARNING * * *
x2 A red film seems to cover your vision as you go berserk!
You feel yourself moving faster!
You feel mighty!
Edmund hits you with a dire flail of crushing.
* * * LOW HITPOINT WARNING * * *
x2 Edmund hits you with a dire flail of crushing!
* * * LOW HITPOINT WARNING * * *
You die...

#.#...... #.##.....
#.##..... ####
#.###...# #..###.#
#.#.#
##########..##.###.#.#
#..[...).(..##.#...#.#
##.)######..).).......
##.@s########).#.....
###..<.[))..........
##########.#......
#........ #.#......
#.#...... #.##.....
#.##.....
######.#......


You could see Edmund (berserk).

Vanquished Creatures
  An orc warrior (D:6)
  A black bear (D:6)
  2 crimson imps
  A howler monkey (D:5)
  A jelly (D:6)
  A hound (D:3)
  An orc priest (D:6)
  An iguana (D:4)
  7 orc wizards
  3 worker ants
  4 gnolls
  9 adders
  An ooze (D:2)
  An adder skeleton (D:5)
  An adder zombie (D:5)
  5 worms
  4 dart slugs
  3 leopard geckos
  18 orcs
  3 ball pythons
  7 bats
  6 giant cockroaches
  2 goblins
  5 hobgoblins
  4 jackals
  2 quokkas (D:4)
  A jackal skeleton (D:5)
  3 kobolds
  9 rats
107 creatures vanquished.

Vanquished Creatures (collateral kills)
  An ogre (D:5)
1 creature vanquished.

Vanquished Creatures (others)
  A plant (D:6)
1 creature vanquished.

Grand Total: 109 creatures vanquished

Notes
Turn   | Place    | Note
-------+----------+-------------------------------------------
     0 | D:1      | microfolk the Draconian Transmuter began the quest for the Orb.
     0 | D:1      | Reached XP level 1. HP: 16/16 MP: 3/3
   222 | D:1      | Reached XP level 2. HP: 23/23 MP: 3/5
   226 | D:1      | Learned a level 2 spell: Sticks to Snakes
   953 | D:2      | Reached XP level 3. HP: 28/28 MP: 4/6
   999 | D:1      | Learned a level 3 spell: Spider Form
  1108 | D:2      | Found a burning altar of Makhleb.
  1113 | D:2      | Became a worshipper of Makhleb the Destroyer
  1215 | D:2      | Found an opulent altar of Gozag.
  1609 | D:2      | Reached XP level 4. HP: 31/35 MP: 6/8
  2947 | D:3      | Reached XP level 5. HP: 19/40 MP: 6/9
  2970 | D:3      | Noticed azzavlup's ghost (amateur DsAK)
  3200 | D:3      | Reached * piety under Makhleb
  4424 | D:4      | Reached XP level 6. HP: 47/47 MP: 5/11
  4859 | D:5      | Entered Level 5 of the Dungeon
  4859 | D:5      | Found a shattered altar of Ashenzari.
  4917 | D:5      | Found a sacrificial altar of Ru.
  5604 | D:5      | Found a bloodstained altar of Trog.
  5628 | D:5      | Reached skill level 1 in Invocations
  5715 | D:5      | Found an iron altar of Okawaru.
  5716 | D:5      | Found a hide-covered altar of Uskayaw.
  5801 | D:5      | Reached skill level 5 in Unarmed Combat
  5981 | D:5      | Found Uloqyunk's Armour Shoppe.
  6017 | D:5      | Your scales start taking on a dull iron-grey colour.
  6017 | D:5      | Reached XP level 7. HP: 55/55 MP: 10/13
  6017 | D:5      | Gained mutation: You can survive without breathing. [Grey Draconian growth]
  6059 | D:5      | Bought a +2 hat of intelligence for 273 gold pieces
  6426 | D:6      | Reached ** piety under Makhleb
  7147 | D:6      | Reached skill level 5 in Transmutations
  7421 | D:6      | Noticed Edmund
  7453 | D:6      | HP: 2/85 [Edmund/dire flail of crushing (9)]
  7453 | D:6      | Slain by Edmund

Skill      XL: |  1  2  3  4  5  6  7 |
---------------+----------------------+-----
Transmutations | 3 4 5 |  5.1
Spellcasting   | 3 4 |  4.0
Unarmed Combat | 4 5 |  5.7
Invocations    | 1 3 |  3.1
Fighting       | 2 3 |  3.4
Dodging        | |  1.7

Action                   |  1- 3 |  4- 6 |  7- 9 || total
-------------------------+-------+-------+-------++-------
Melee: Unarmed           |    89 |   197 |    62 ||   348
       Tailslap          |     7 |     6 |       ||    13
       Headbutt          |     6 |     8 |       ||    14
       Kick              |     6 |     4 |     1 ||    11
       Punch             |       |     1 |       ||     1
Throw: Stone             |    19 |     4 |     2 ||    25
 Cast: Beastly Appendage |    19 |    11 |     2 ||    32
       Spider Form       |     4 |    23 |    10 ||    37
       Sticks to Snakes  |       |     6 |     7 ||    13
  Use: Scroll            |       |    10 |     2 ||    12
       Potion            |       |       |     1 ||     1
 Stab: Sleeping          |       |     2 |       ||     2
       Distracted        |       |       |     1 ||     1
  Eat: Chunk             |     3 |    13 |     6 ||    22
       Ration            |       |     1 |       ||     1
Armor: Skin              |    29 |    42 |     6 ||    77
Dodge: Dodged            |    56 |   155 |    62 ||   273
